General information
- name: grudge06
- type: Custom game
- host: fINEx
- saver: NADMaN
map: EchoIsles
- players: 12
- length: 16:23
- speed: Fast
- version: 1.21 W3XP
- replay type: Public
» download(75 KB)
Players
team 1 (winner)

»
NADMaN (
green | 206 APM | 3376 actions | 16:23)
5 Death Knight
3 Death Coil
2 Unholy Aura
4 Lich
2 Frost Nova
1 Frost Armor
1 Dark Ritual
» actions
| Assign group hotkey | 12 | |
| Basic commands | 89 | |
| Build / train | 60 | |
| ESC pressed | 2 | |
| Enter build submenu | 16 | |
| Enter hero's abilities submenu | 10 | |
| Give item / drop item | 2 | |
| Right click | 1495 | |
| Select / deselect | 371 | |
| Select group hotkey | 1249 | |
| Use ability | 70 | |
3376 total
» units
| Acolyte | 3 | |
| Ghoul | 9 | |
| Gargoyle | 4 | |
| Obsidian Statue | 2 | |
| Crypt Fiend | 1 | |
19 total
» upgrades
| Ghoul Frenzy | 1 | |
| Unholy Armor | 1 | |
| Destroyer Form | 1 | |
| Creature Attack | 1 | |
| Web | 1 | |
| Burrow | 1 | |
6 total
» buildings
| Crypt | 2 | |
| Ziggurat | 5 | |
| Altar of Darkness | 1 | |
| Tomb of Relics | 1 | |
| Halls of the Dead | 3 | |
| Nerubian Tower | 4 | |
| Graveyard | 1 | |
| Slaughterhouse | 1 | |
| Black Citadel | 2 | |
| Sacrificial Pit | 1 | |
21 total
» build order
00:05 Crypt
00:09 Ziggurat
00:24 Altar of Darkness
01:13 Tomb of Relics
02:14 Halls of the Dead
02:14 Halls of the Dead
02:37 Nerubian Tower
02:38 Nerubian Tower
02:38 Nerubian Tower
03:36 Graveyard
03:37 Crypt
04:04 Ziggurat
05:30 Ziggurat
06:09 Slaughterhouse
07:41 Ziggurat
08:22 Black Citadel
11:06 Ziggurat
14:40 Sacrificial Pit
» items
| Rod of Necromancy | 4 | |
| Scroll of Healing | 2 | |
| Orb of Corruption | 1 | |
7 total
team 2 (loser)
tanuki (
red | 126 APM | 2064 actions | 16:22)
5 Demon Hunter
3 Mana Burn
2 Evasion
» actions
| Assign group hotkey | 26 | |
| Basic commands | 3 | |
| Build / train | 65 | |
| ESC pressed | 2 | |
| Enter build submenu | 17 | |
| Enter hero's abilities submenu | 5 | |
| Give item / drop item | 2 | |
| Right click | 1353 | |
| Select / deselect | 270 | |
| Select group hotkey | 282 | |
| Use ability | 39 | |
2064 total
» units
| Wisp | 23 | |
| Huntress | 7 | |
| Archer | 11 | |
| Forest Troll Shadow Priest | 2 | |
| Mud Golem | 2 | |
| Forest Troll Berserker | 2 | |
47 total
» upgrades
| Improved Bows | 1 | |
| Sentinel | 1 | |
| Strength of the Moon | 2 | |
4 total
» buildings
| Altar of Elders | 2 | |
| Moon Well | 4 | |
| Ancient of War | 3 | |
| Hunter's Hall | 1 | |
| Ancient of Wonders | 1 | |
| Ancient Protector | 2 | |
| Tree of Ages | 3 | |
| Tree of Life | 2 | |
18 total
» build order
00:02 Altar of Elders
00:06 Altar of Elders
00:22 Moon Well
01:38 Ancient of War
01:42 Hunter's Hall
01:58 Moon Well
02:16 Ancient of Wonders
02:55 Ancient Protector
04:48 Tree of Ages
04:48 Tree of Ages
05:14 Moon Well
06:47 Moon Well
07:24 Ancient of War
07:30 Tree of Life
08:35 Ancient of War
08:38 Ancient Protector
13:34 Tree of Life
» items
| Scroll of Town Portal | 1 | |
| Potion of Healing | 1 | |
| Moonstone | 1 | |
3 total
refereesfINEx,
joltx,
Mr.Wookums,
NasbiN,
HERNaNDO,
Jinnigan,
GOKUMaN69,
VELOX_NEB,
3DGAYWORLD,
SethX Chat log
(00:45 / All) NADMaN: I actually said "dont go" in the channel but w/e
(00:58 / All) NADMaN: I'm still good
(01:00 / All) Mr.Wookums: finex is bad host
(01:08 / All) VELOX_NEB: finex gay doesn't listen
(01:41 / All) VELOX_NEB: haven't laughed like that all week
(01:46 / All) GOKUMaN69: ('\(';,,;')/')
(01:54 / All) 3DGAYWORLD: woah thats pretty amazing goku
(02:02 / All) fINEx: MANNERS PLEASE YOU 3 WILL BE REPRIMANDED SHORTLY
(02:07 / All) 3DGAYWORLD: yes gokuman sir
(02:10 / All) 3DGAYWORLD: sorry gokuman
(02:15 / All) fINEx: STOP IT 3DGAYWORLD
(02:25 / All) 3DGAYWORLD: oh lawdy
(13:02 / All) NADMaN: I'm not stalling.
(13:09 / All) VELOX_NEB: w/e\
(13:11 / All) 3DGAYWORLD: NOT
(16:03 / All) tanuki: gg
(16:09 / All) Jinnigan: welp